 Dungeon Crawl Stone Soup version 0.24.0-125-gc4c63601f3 (webtiles) character file.

Game seed: 8635342044303035493, levelgen mode: deterministic

1390 Johnny the Digger (level 8, -1/57 HPs)
             Began as a Demigod Earth Elementalist on Mar 9, 2020.
             Slain by a killer bee (5 damage)
             ... on level 8 of the Dungeon.
             The game lasted 00:06:56 (6288 turns).

Johnny the Digger (Demigod Earth Elementalist)      Turns: 6288, Time: 00:06:57

Health: -1/57      AC:  2    Str: 11    XL:     8   Next: 17%
Magic:  17/19      EV: 12    Int: 23    God:
Gold:   169        SH:  9    Dex: 16    Spells: 4/17 levels left

rFire    . . .     SeeInvis .   u - +4 dagger
rCold    . . .     Gourm    .   p - +0 buckler
rNeg     . . .     Faith    .   c - +0 robe
rPois    +         Spirit   .   (no helmet)
rElec    .         Reflect  +   (no cloak)
rCorr    .         Harm     .   (no gloves)
MR       .....                  (no boots)
Stlth    ++........             m - +4 amulet of reflection
HPRegen  0.19/turn              e - ring of poison resistance
MPRegen  0.16/turn              (no ring)

@: no status effects
A: high mp 1
a: no special abilities


You were on level 8 of the Dungeon.
You were not hungry.

You visited 1 branch of the dungeon, and saw 7 of its levels.

You collected 169 gold pieces.

Inventory:

Hand Weapons
 u - a +4 dagger (weapon)
Missiles
 q - 18 stones (quivered)
Armour
 c - a +0 robe (worn)
 p - a +0 buckler (worn)
Jewellery
 e - a ring of poison resistance (left hand)
 l - an uncursed amulet of faith
 m - a +4 amulet of reflection (around neck)
Scrolls
 g - a scroll of magic mapping
 j - 2 scrolls of enchant armour {unknown}
 k - 2 scrolls of teleportation
 o - a scroll of fog {unknown}
 r - 2 scrolls of blinking {unknown}
 t - 3 scrolls of remove curse
 v - a scroll of amnesia {unknown}
Potions
 a - a potion of might
 b - a potion of brilliance
 f - a potion of resistance
 i - a potion of curing
 n - 2 potions of heal wounds
 w - 2 potions of degeneration
Comestibles
 d - 9 rations
 h - 2 chunks of flesh


   Skills:
 - Level 1.7 Dodging
 - Level 1.7 Stealth
 + Level 4.7 Shields
 + Level 5.4 Spellcasting
 - Level 0.8 Transmutations
 + Level 6.3 Earth Magic


You had 4 spell levels left.
You knew the following spells:

 Your Spells              Type           Power        Failure   Level  Hunger
a - Sandblast             Erth           #####.       1%          1    None
b - Stone Arrow           Conj/Erth      ###...       8%          3    ##.....
c - Lee's Rapid Deconstr  Erth           #####.....   19%         5    #####..
d - Petrify               Tmut/Erth      ###.....     21%         4    ####...

Your spell library contained the following spells:

 Spells                   Type           Power        Failure   Level  Hunger
 Passwall                 Tmut/Erth      ###.....     3%          2    None


Dungeon Overview and Level Annotations

Branches:
Dungeon (8/15)
 Temple: D:4-7         Lair: D:8-11


Innate Abilities, Weirdness & Mutations

You have an increased reservoir of magic. (+10% MP)


Message History

Casting: Sandblast (safe; 1% risk of failure)
Confirm with . or Enter, or press ? or * to list all spells.
Aiming: Sandblast (safe; 1% risk of failure)
Press: ? - help, Shift-Dir - straight line, f - killer bee, p - howler monkey
Aim: a killer bee The blast of sand hits the killer bee!
The killer bee is heavily wounded.
q - 18 stones The killer bee stings you.
* * * LOW HITPOINT WARNING * * *
The killer bee stings you.
* * * LOW HITPOINT WARNING * * *
You block the orc's attack.
The bullfrog releases a deep croak.
The bullfrog hits you.
* * * LOW HITPOINT WARNING * * *
You block the howler monkey's attack.
Unknown command.
The killer bee stings you.
You die...

#.....# #.
####.....## #####.
#..#......# #.....
#..#......# #....#
#..#......# #....#
#..'......# #....#
#o.#......# #....#
#hy#####..#####....#
#†F@................
#........#..........
#........#..........
#........#...$......
#..#####'#$(........
#'## .............
.. ............# ...
.............#
........######


You could see a bullfrog, a howler monkey, a killer bee and an orc.

Vanquished Creatures
  Sigmund (D:2)
  A phantom (D:7)
  A centaur (D:7)
  2 bullfrogs (D:8)
  A scorpion (D:4)
  A water moccasin skeleton (D:4)
  7 killer bees (D:8)
  A crimson imp (D:8)
  A bullfrog zombie (D:8)
  4 orc wizards
  3 orc priests
  2 worker ants
  6 gnolls
  4 adders
  2 oozes
  3 worms
  3 dart slugs
  5 leopard geckos
  11 orcs
  9 bats
  A bat zombie (D:2)
  2 giant cockroaches
  9 goblins
  6 hobgoblins (D:1)
  18 jackals
  4 kobolds
  3 quokkas
  2 frilled lizards
  4 rats
  A rat zombie (D:2)
118 creatures vanquished.

Notes
Turn   | Place    | Note
-------+----------+-------------------------------------------
     0 | D:1      | Johnny the Demigod Earth Elementalist began the quest for
                  | the Orb.
     0 | D:1      | Reached XP level 1. HP: 14/14 MP: 5/5
   427 | D:1      | Reached skill level 3 in Earth Magic
   483 | D:1      | Reached XP level 2. HP: 11/20 MP: 4/7
  1220 | D:1      | Reached XP level 3. HP: 20/26 MP: 7/9
  1242 | D:1      | Learned a level 3 spell: Stone Arrow
  1839 | D:2      | Noticed Sigmund
  2098 | D:3      | Found a bloodstained altar of Trog.
  2139 | D:3      | Reached XP level 4. HP: 23/33 MP: 9/11
  2867 | D:2      | Reached skill level 4 in Earth Magic
  3052 | D:2      | Killed Sigmund
  3052 | D:2      | Reached XP level 5. HP: 16/38 MP: 4/13
  3255 | D:2      | Found an ancient bone altar of Kikubaaqudgha.
  3574 | D:4      | Reached XP level 6. HP: 21/45 MP: 8/14
  3800 | D:4      | Found a hazy altar of Hepliaklqana.
  4106 | D:4      | Reached skill level 5 in Earth Magic
  4352 | D:5      | Entered Level 5 of the Dungeon
  4405 | D:5      | You fall into a shaft and drop 3 floors!
  4409 | D:8      | Reached XP level 7. HP: 13/50 MP: 11/16
  4445 | D:8      | Learned a level 5 spell: Lee's Rapid Deconstruction
  4450 | D:8      | Learned a level 4 spell: Petrify
  4766 | D:8      | Noticed a cyclops
  5265 | D:8      | HP: 2/50 [killer bee (6)]
  5657 | D:7      | Reached skill level 5 in Spellcasting
  5872 | D:7      | Reached skill level 6 in Earth Magic
  5874 | D:7      | Reached XP level 8. HP: 38/57 MP: 6/19
  6288 | D:8      | Slain by a killer bee

Levels and vault maps discovered:
D:1:      giann_wishing_wells, layout_loops_ring, minmay_split_cup_large
D:2:      layout_basic, lemuel_zombie_altar_kikubaaqudgha, uniq_sigmund
D:3:      layout_basic, old_standard_altar, hex_medium, serial_park_tiny_pond,
          grunt_ministairs_14, st_stairs_10
D:4:      layout_cave_pools, nicolae_overflow_hidden_temple, amethyst_killhole,
          grunt_ministairs_14
D:5:      layout_basic, minmay_temple_entry_antechambers, first_ration,
          lemuel_statue_altar
D:7:      layout_cave_pools, gammafunk_temple_overflow_pools, grunt_livestock,
          uniq_pikel, uniq_joseph
D:8:      layout_gridville, gammafunk_ghost_necromancy, uniq_psyche

Skill      XL: |  1  2  3  4  5  6  7 |
---------------+----------------------+-----
Spellcasting   | 2 3 4 5 |  5.4
Earth Magic    | 3 4 5 6 |  6.3
Shields        | 2 3 4 |  4.7
Dodging        | |  1.7
Stealth        | |  1.7
Transmutations | |  0.8

Action                   |  1- 3 |  4- 6 |  7- 9 || total
-------------------------+-------+-------+-------++-------
Melee: Unarmed           |    83 |    27 |       ||   110
       Dagger            |       |    57 |     1 ||    58
 Cast: Sandblast         |    34 |    64 |    57 ||   155
       Stone Arrow       |    18 |     9 |     1 ||    28
       Lee's Rapid Decon |       |       |     3 ||     3
  Use: Potion            |       |     3 |     1 ||     4
       Scroll            |       |     2 |     5 ||     7
 Stab: Sleeping          |     3 |     1 |       ||     4
  Eat: Chunk             |     6 |     8 |     3 ||    17
       Ration            |       |       |     2 ||     2
Armor: Robe              |    18 |    12 |     5 ||    35
       Skin              |       |    44 |    35 ||    79
Dodge: Dodged            |    75 |    76 |    43 ||   194
Block: Other             |    15 |    28 |       ||    43
       Reflection        |       |     6 |     3 ||     9
       Buckler           |       |       |    51 ||    51
